[Event "January 2 Early 2024"]
[Site "https://www.chess.com"]
[Date "2024.01.02"]
[Round "4"]
[White "Von Buelow, Georg"]
[Black "Jovic, Stanoje"]
[Result "0-1"]
[Board "183"]
[TimeControl "180+1"]
[WhiteFideId "4620658"]
[BlackFideId "905020"]
[WhiteElo "2180"]
[BlackElo "2433"]
[WhiteTeam "GER"]
[BlackTeam "SRB"]
[WhiteClock "0:01:40"]
[BlackClock "0:02:21"]

1. e4 c6 2. d4 d5 3. e5 c5 4. dxc5 e6 5. a3 Bxc5 6. b4 Be7 7. Qg4 g5 8. Bb2 h5 9. Qd1 Bd7 10. Ne2 Nc6 11. Nbc3 a6 12. Na4 Qc7 13. c4 dxc4 0-1

[Event "January 2 Early 2024"]
[Site "https://www.chess.com"]
[Date "2024.01.02"]
[Round "4"]
[White "Gabdushev, Ruslan"]
[Black "Guzman Lozano, Campo Elias"]
[Result "1-0"]
[Board "184"]
[TimeControl "180+1"]
[WhiteFideId "4137833"]
[BlackFideId "4403746"]
[WhiteElo "2431"]
[BlackElo "2180"]
[WhiteTeam "RUS"]
[BlackTeam "COL"]
[WhiteClock "0:01:49"]
[BlackClock "0:00:15"]

1. b3 e5 2. Bb2 Nc6 3. e3 Nf6 4. Bb5 Bd6 5. Na3 O-O 6. Nc4 Re8 7. Nxd6 cxd6 8. Ne2 a6 9. Bxc6 dxc6 10. O-O d5 11. f4 e4 12. Ng3 Bg4 13. Bxf6 Bxd1 14. Bxd8 Bxc2 15. Bb6 a5 16. Rfc1 Bd3 17. a4 Ra6 18. Bd4 f6 19. Kf2 Kf7 20. Ke1 Rh8 21. Nh1 h5 22. Nf2 Rh6 23. Nxd3 exd3 24. Rc3 g5 25. fxg5 fxg5 26. Rxd3 Re6 27. Kf2 Ra8 28. Rf1 Kg6 29. Ke2 Rc8 30. Bc5 Re4 31. Rf8 Rxf8 32. Bxf8 Kf5 33. Bc5 Re6 34. Bb6 Rf6 35. Bxa5 Ke6 36. Bd8 Rf5 37. Rc3 Kd7 38. Bb6 Re5 39. Bd4 Re8 40. Rc1 Rb8 41. a5 1-0

[Event "January 2 Early 2024"]
[Site "https://www.chess.com"]
[Date "2024.01.02"]
[Round "4"]
[White "Yushko, Olga"]
[Black "Bashirli, Saadat"]
[Result "0-1"]
[Board "185"]
[TimeControl "180+1"]
[WhiteFideId "14114500"]
[BlackFideId "13429990"]
[WhiteElo "2178"]
[BlackElo "2429"]
[WhiteTeam "UKR"]
[BlackTeam "AZE"]
[WhiteClock "0:00:00"]
[BlackClock "0:00:58"]

1. d4 Nf6 2. c4 g6 3. Nf3 Bg7 4. Nc3 c6 5. Bg5 d5 6. e3 Bf5 7. Be2 O-O 8. O-O Nbd7 9. a3 dxc4 10. Bxc4 Qc7 11. Rc1 Rac8 12. b4 Qb8 13. Bf4 Qa8 14. h3 Ne4 15. Qb3 Nb6 16. Be2 Nxc3 17. Rxc3 Nd5 18. Rcc1 Nxf4 19. exf4 Qb8 20. Qe3 Bh6 21. Qxe7 Bxf4 22. Rce1 Rfe8 23. Qc5 Bd6 24. Qc3 Re7 25. Bc4 Rce8 26. Rxe7 Rxe7 27. Qb3 Qe8 28. Ng5 h6 29. Nf3 b5 30. Bd3 Be6 31. Qc2 Bd5 32. Bxg6 fxg6 33. Nh4 Kg7 34. Qc3 Qf7 0-1

[Event "January 2 Early 2024"]
[Site "https://www.chess.com"]
[Date "2024.01.02"]
[Round "4"]
[White "Omariev, Maksim"]
[Black "Hartikainen, Jarmo"]
[Result "1-0"]
[Board "186"]
[TimeControl "180+1"]
[WhiteFideId "4193423"]
[BlackFideId "503134"]
[WhiteElo "2421"]
[BlackElo "2153"]
[WhiteTeam "RUS"]
[BlackTeam "FIN"]
[WhiteClock "0:00:08"]
[BlackClock "0:00:06"]

1. g4 b6 2. Bg2 Nc6 3. b4 a6 4. Bb2 Bb7 5. c4 e6 6. a3 h5 7. gxh5 Rxh5 8. d4 Qg5 9. Kf1 Nf6 10. Nc3 Ng4 11. Nf3 Qg6 12. Rg1 Nxh2+ 13. Nxh2 Rxh2 14. Bxc6 Bxc6 15. Rxg6 fxg6 16. d5 Rh1+ 17. Kg2 Rxd1 18. Rxd1 exd5 19. cxd5 Bb7 20. e4 O-O-O 21. Ne2 d6 22. Nf4 g5 23. Ne6 Re8 24. Nxg5 Be7 25. Ne6 Bf6 26. Bxf6 gxf6 27. Kf3 c6 28. Ng7 Rh8 29. Nf5 cxd5 30. Nxd6+ Kc7 31. Nxb7 dxe4+ 32. Kxe4 Kxb7 33. Rd6 Re8+ 34. Kf4 Re2 35. f3 Ra2 36. Rd3 a5 37. bxa5 bxa5 38. Kf5 Kc6 39. Kxf6 Rf2 40. Ke5 Kc5 41. f4 Kc4 42. Rh3 a4 43. f5 Rb2 44. f6 Rb3 45. Rh4+ Kc5 46. Rxa4 Re3+ 47. Kf5 Rf3+ 48. Rf4 Rxa3 49. f7 Ra8 50. Kf6 Kd6 51. Kg7 Ra7 52. Kg8 Ke5 53. Rf1 Ke6 54. f8=Q Rf7 55. Qxf7+ Ke5 56. Re1+ Kd6 57. Qf2 Kd5 58. Qd2+ Kc4 59. Rc1+ Kb3 60. Qc2+ Ka3 61. Qc3+ Ka4 62. Qb2 Ka5 63. Ra1# 1-0

[Event "January 2 Early 2024"]
[Site "https://www.chess.com"]
[Date "2024.01.02"]
[Round "4"]
[White "Jing, Andrew"]
[Black "Rees, Ioan"]
[Result "0-1"]
[Board "187"]
[TimeControl "180+1"]
[WhiteFideId "30984076"]
[BlackFideId "1801236"]
[WhiteElo "2149"]
[BlackElo "2418"]
[WhiteTeam "USA"]
[BlackTeam "WLS"]
[WhiteClock "0:02:04"]
[BlackClock "0:01:18"]

1. d4 d5 2. Bf4 c6 3. e3 Nf6 4. c4 e6 5. Nc3 Bd6 6. Nf3 Bxf4 7. exf4 O-O 8. Ne5 b6 9. g3 Ba6 10. cxd5 Bxf1 11. Kxf1 Nxd5 12. Kg2 Nxc3 13. bxc3 Qd5+ 14. Qf3 f6 15. Qxd5 cxd5 16. Nd3 Nc6 17. Rhe1 Kf7 18. Re3 g6 19. Rae1 Rfe8 20. Nb2 Na5 21. h4 Rac8 22. R1e2 Rc6 23. Kf1 Rec8 24. Rc2 Nc4 25. Nxc4 Rxc4 26. Ree2 Rxc3 27. Rxc3 Rxc3 28. Rd2 b5 29. Ke2 b4 30. Rb2 a5 31. Kd2 Ke7 32. Ke2 Kd6 33. h5 gxh5 34. Kd2 Kc6 35. Rb1 Ra3 36. Rb2 Kb5 37. Rc2 Rf3 38. Ke2 Rc3 39. Rd2 Kc4 40. f3 a4 41. Kf2 b3 42. axb3+ axb3 43. Ke2 Rc2 0-1

[Event "January 2 Early 2024"]
[Site "https://www.chess.com"]
[Date "2024.01.02"]
[Round "4"]
[White "Mayaud, Raphael"]
[Black "KSho99"]
[Result "1-0"]
[Board "188"]
[TimeControl "180+1"]
[WhiteFideId "627151"]
[WhiteElo "2418"]
[BlackElo "2147"]
[WhiteTeam "FRA"]
[WhiteClock "0:01:08"]
[BlackClock "0:00:00"]

1. d4 e6 2. Nf3 f5 3. g3 Nf6 4. Bg2 d5 5. O-O Be7 6. c4 Ne4 7. Nc3 Nc6 8. Qb3 Na5 9. Qa4+ c6 10. Ne5 Bf6 11. cxd5 exd5 12. f4 Qb6 13. e3 Be6 14. Qc2 O-O 15. Kh1 Rac8 16. Na4 Qd8 17. Nc5 Nxc5 18. Qxc5 b6 19. Qc2 1-0

[Event "January 2 Early 2024"]
[Site "https://www.chess.com"]
[Date "2024.01.02"]
[Round "4"]
[White "Seletsky, Grigory"]
[Black "Gopal, K.N."]
[Result "1-0"]
[Board "189"]
[TimeControl "180+1"]
[WhiteFideId "14112191"]
[BlackFideId "5001447"]
[WhiteElo "2416"]
[BlackElo "2142"]
[WhiteTeam "UKR"]
[BlackTeam "IND"]
[WhiteClock "0:01:22"]
[BlackClock "0:00:26"]

1. e4 c5 2. Nf3 d6 3. d4 cxd4 4. Nxd4 Nf6 5. Nc3 a6 6. f3 b5 7. Be3 Bb7 8. Qd2 Nbd7 9. O-O-O e6 10. Kb1 Be7 11. g4 h6 12. h4 b4 13. Nce2 d5 14. exd5 Nxd5 15. Bf2 a5 16. Nc1 a4 17. Bc4 N7b6 18. Bxd5 Nxd5 19. Nce2 Rb8 20. Ka1 a3 21. b3 Bf6 22. Kb1 Qe7 23. c4 bxc3 24. Nxc3 Nxc3+ 25. Qxc3 O-O 26. g5 hxg5 27. hxg5 Bxg5 28. Qd3 g6 29. Bg3 Rbd8 30. Be5 Bf6 31. Qe3 Bxe5 32. Qxe5 Rd5 33. Qh8# 1-0

[Event "January 2 Early 2024"]
[Site "https://www.chess.com"]
[Date "2024.01.02"]
[Round "4"]
[White "Mazurkiewicz, Michal"]
[Black "th3d4rkness"]
[Result "0-1"]
[Board "190"]
[TimeControl "180+1"]
[WhiteFideId "1124943"]
[WhiteElo "2412"]
[BlackElo "2133"]
[WhiteTeam "POL"]
[WhiteClock "0:00:00"]
[BlackClock "0:00:47"]

1. e4 c5 2. Nf3 Nc6 3. g3 g6 4. Bg2 Bg7 5. O-O d6 6. c3 e5 7. h3 Nge7 8. Na3 O-O 9. d4 cxd4 10. cxd4 h6 11. d5 Nb8 12. Be3 a6 13. Nc4 b5 14. Nb6 Ra7 15. Nxc8 Nxc8 16. Bxa7 Nxa7 17. a4 b4 18. a5 Nd7 19. Qd2 Qb8 20. Ra4 b3 21. Rb4 Nb5 22. Rxb3 Nc5 23. Rb4 f5 24. Nh4 Rf6 25. Rc1 Qd8 26. Rbc4 Nd4 27. Qe1 Kh7 28. exf5 gxf5 29. Nf3 Nxf3+ 30. Bxf3 Nd3 31. Qd2 Nxc1 32. Qxc1 Qxa5 33. Rc8 e4 34. Bh5 Qxd5 35. Be2 f4 36. Bc4 Qf5 37. Bg8+ Kg6 38. g4 Qe5 39. Qc4 e3 40. Qd3+ Kg5 41. fxe3 fxe3 42. Rc1 Rf2 0-1

[Event "January 2 Early 2024"]
[Site "https://www.chess.com"]
[Date "2024.01.02"]
[Round "4"]
[White "Alivodic, Dario"]
[Black "Crocker, Philip J"]
[Result "1-0"]
[Board "191"]
[TimeControl "180+1"]
[WhiteFideId "16501632"]
[BlackFideId "403180"]
[WhiteElo "2411"]
[BlackElo "2094"]
[WhiteTeam "MNE"]
[BlackTeam "ENG"]
[WhiteClock "0:00:56"]
[BlackClock "0:00:47"]

1. d4 f5 2. Nc3 Nf6 3. Bg5 g6 4. h4 Bg7 5. h5 Nxh5 6. e4 d6 7. Rxh5 gxh5 8. Qxh5+ Kf8 9. Bh6 e6 10. O-O-O Qf6 11. Bxg7+ Qxg7 12. exf5 exf5 13. Re1 Qf7 14. Qh6+ Kg8 15. Bc4 Qxc4 16. Re8+ Kf7 17. Rxh8 Qf1+ 18. Nd1 Qxg1 19. Rxh7+ Ke8 20. Qg6+ Kd8 21. Qg8# 1-0

[Event "January 2 Early 2024"]
[Site "https://www.chess.com"]
[Date "2024.01.02"]
[Round "4"]
[White "Z_Chess6"]
[Black "Mikhalsky, Vladimir"]
[Result "1-0"]
[Board "193"]
[TimeControl "180+1"]
[BlackFideId "14144352"]
[WhiteElo "2027"]
[BlackElo "2405"]
[BlackTeam "UKR"]
[WhiteClock "0:00:03"]
[BlackClock "0:00:00"]

1. d4 g6 2. c4 Bg7 3. e4 d6 4. Nc3 Nf6 5. Be2 O-O 6. Be3 e5 7. Nf3 Ng4 8. Bg5 f6 9. Bh4 Nc6 10. d5 Ne7 11. Nd2 h5 12. h3 Nh6 13. Qc2 a5 14. O-O-O g5 15. Bg3 h4 16. Bh2 Ng6 17. Kb1 f5 18. f3 Nf4 19. Bxf4 exf4 20. Bd3 Bd7 21. Rhe1 a4 22. a3 Ra6 23. c5 Ra5 24. cxd6 cxd6 25. Nc4 Ra6 26. e5 dxe5 27. Nxe5 Rb6 28. Bc4 Kh7 29. d6 Rf6 30. Nd5 Rfxd6 31. Nxb6 Qxb6 32. Nxd7 Qa5 33. Rxd6 Qxe1+ 34. Rd1 Qe7 35. Nb6 Qf6 36. Nd5 Qe5 37. Nc3 Ng8 38. Rd5 Qe1+ 39. Qd1 Qf2 40. Qc2 Qg1+ 41. Ka2 Ne7 42. Rxf5 Nxf5 43. Qxf5+ Kh6 44. Qe6+ Kh7 45. Bd3+ Kh8 46. Qe8+ 1-0

[Event "January 2 Early 2024"]
[Site "https://www.chess.com"]
[Date "2024.01.02"]
[Round "4"]
[White "Khromkin, Andrey"]
[Black "Herman, Daniel"]
[Result "0-1"]
[Board "194"]
[TimeControl "180+1"]
[WhiteFideId "4154126"]
[BlackFideId "30935008"]
[WhiteElo "2401"]
[BlackElo "2403"]
[WhiteTeam "RUS"]
[BlackTeam "USA"]
[WhiteClock "0:01:19"]
[BlackClock "0:01:17"]

1. e4 Nf6 2. e5 Nd5 3. Nf3 d6 4. Bc4 e6 5. Bb3 Nc6 6. exd6 Bxd6 7. O-O O-O 8. d4 b6 9. Bg5 Nce7 10. c4 Nf6 11. Bxf6 gxf6 12. Nc3 Bb7 13. Bc2 f5 14. Ng5 h6 15. Nh3 Ng6 16. Qh5 Qh4 17. Qxh4 Nxh4 18. f3 Kh8 19. d5 Rg8 20. g3 Bxg3 21. hxg3 Rxg3+ 22. Kh2 Rg2+ 23. Kh1 Rxc2 24. Rf2 Rxf2 25. Nxf2 Nxf3 26. Nd3 Rg8 27. Rf1 Nd2 28. Rf2 Nxc4 29. Rh2 Kh7 30. Rg2 Ne3 31. Rxg8 Kxg8 32. Kh2 Nxd5 33. Nb5 a6 34. Nd4 c5 35. Nf3 c4 36. Nde5 b5 37. Nd4 Nb4 38. a3 Nd3 39. Nxd3 cxd3 40. Nf3 Bxf3 41. Kg3 d2 42. Kxf3 d1=Q+ 43. Kf4 Qd4+ 44. Kf3 Kg7 45. b3 Qe4+ 46. Kg3 Kf6 47. Kf2 Qd3 48. b4 Ke5 49. Kg2 Qe3 50. Kh2 Qf3 51. a4 bxa4 52. b5 axb5 53. Kg1 Qe2 54. Kh1 Kf4 55. Kg1 Kg3 56. Kh1 Qg2# 0-1

[Event "January 2 Early 2024"]
[Site "https://www.chess.com"]
[Date "2024.01.02"]
[Round "4"]
[White "Winkels, Marcel"]
[Black "Grave, Jacob Templen"]
[Result "0-1"]
[Board "195"]
[TimeControl "180+1"]
[WhiteFideId "1003887"]
[BlackFideId "1542656"]
[WhiteElo "2009"]
[BlackElo "2403"]
[WhiteTeam "NED"]
[BlackTeam "NOR"]
[WhiteClock "0:00:51"]
[BlackClock "0:00:20"]

1. e4 c6 2. d4 d5 3. exd5 cxd5 4. Bd3 Nc6 5. c3 Nf6 6. Bf4 Bg4 7. Nf3 e6 8. Nbd2 Bd6 9. Bxd6 Qxd6 10. h3 Bh5 11. O-O O-O 12. Re1 Rab8 13. g4 Bg6 14. Bxg6 hxg6 15. g5 Nd7 16. Qe2 Qf4 17. Qe3 Qxe3 18. fxe3 b5 19. a3 a5 20. e4 Nb6 21. exd5 Nxd5 22. Ne4 Rfd8 23. Nc5 b4 24. axb4 axb4 25. Ra6 bxc3 26. bxc3 Nce7 27. c4 Nb4 28. Ra7 Nec6 29. Ra4 Nc2 30. Rd1 N2xd4 31. Nxd4 Nxd4 32. Rf1 Nf5 33. Ne4 Rd4 34. Re1 Rc8 35. c5 Rxa4 0-1

[Event "January 2 Early 2024"]
[Site "https://www.chess.com"]
[Date "2024.01.02"]
[Round "4"]
[White "Cornelison, Paul"]
[Black "VictMin"]
[Result "0-1"]
[Board "196"]
[TimeControl "180+1"]
[WhiteFideId "2004186"]
[WhiteElo "1966"]
[BlackElo "2029"]
[WhiteTeam "USA"]
[WhiteClock "0:00:16"]
[BlackClock "0:00:28"]

1. e4 c6 2. d4 d5 3. Nc3 dxe4 4. f3 e5 5. d5 Nf6 6. fxe4 Bb4 7. Bg5 cxd5 8. Bxf6 Qxf6 9. Qxd5 O-O 10. O-O-O Nc6 11. Nf3 Bxc3 12. bxc3 Rd8 13. Qc5 Rxd1+ 14. Kxd1 Bg4 15. Be2 Rd8+ 16. Ke1 Qf4 17. Rf1 Qxe4 18. Kf2 Bxf3 19. gxf3 Qxc2 20. Qe3 Rd2 21. Re1 h6 22. a3 a6 23. h4 Qb2 24. a4 Rc2 25. c4 Qc3 26. Qxc3 Rxc3 27. Rb1 Na5 28. Rb6 f6 29. h5 Kf7 30. Rd6 Ke7 31. c5 Rxc5 32. Rb6 Rc2 33. Ke3 Kd7 34. Bd3 Rc3 35. Rb4 Rc6 36. Be4 Rd6 37. Bxb7 Ke7 38. Bxa6 Rd7 39. Bd3 Nc6 40. Rb6 Rc7 41. Bb5 Nd4 42. Rb8 Rc3+ 43. Ke4 Nxb5 44. axb5 Rb3 45. b6 Ke6 46. Rg8 Kf7 47. Rb8 Ke6 48. b7 f5# 0-1

[Event "January 2 Early 2024"]
[Site "https://www.chess.com"]
[Date "2024.01.02"]
[Round "4"]
[White "Volkov, Sergei"]
[Black "Murthy, Pappu"]
[Result "1-0"]
[Board "197"]
[TimeControl "180+1"]
[WhiteFideId "4176588"]
[BlackFideId "2013401"]
[WhiteElo "2546"]
[BlackElo "1989"]
[WhiteTeam "RUS"]
[BlackTeam "USA"]
[WhiteClock "0:00:18"]
[BlackClock "0:00:00"]

1. d4 Nf6 2. Nf3 d5 3. Bf4 c5 4. e3 Nc6 5. c3 Qb6 6. Qc2 g6 7. Nbd2 Bf5 8. dxc5 Qxc5 9. Qb3 Bg7 10. Qxb7 O-O 11. Nb3 Qb6 12. Ba6 Na5 13. Qxb6 axb6 14. Nxa5 Rxa6 15. Nc6 Re8 16. O-O h5 17. Rfd1 e6 18. Be5 Bg4 19. h3 Bxf3 20. gxf3 b5 21. Nb4 Ra4 22. Bxf6 Bxf6 23. Rac1 Rc8 24. a3 Ra7 25. f4 Kg7 26. Kf1 Rac7 27. Ke2 Rc4 28. Nd3 Kf8 29. Ne5 Bxe5 30. fxe5 g5 31. Rd4 Kg7 32. Rg1 Kg6 33. f4 f6 34. exf6 Kxf6 35. Rxc4 1-0

[Event "January 2 Early 2024"]
[Site "https://www.chess.com"]
[Date "2024.01.02"]
[Round "4"]
[White "Urbina Perez, Juan Antonio"]
[Black "Pogorelskikh, Sofia"]
[Result "1-0"]
[Board "198"]
[TimeControl "180+1"]
[WhiteFideId "2217368"]
[BlackFideId "44164548"]
[WhiteElo "2448"]
[BlackElo "2301"]
[WhiteTeam "ESP"]
[BlackTeam "SRB"]
[WhiteClock "0:01:00"]
[BlackClock "0:00:03"]

1. e4 c5 2. Nf3 Nc6 3. Bb5 e5 4. O-O Bd6 5. c3 a6 6. Ba4 Nge7 7. d4 cxd4 8. cxd4 exd4 9. Nxd4 Bb8 10. Nc3 O-O 11. Bg5 Qa5 12. Bh4 Ng6 13. Bg3 Bxg3 14. hxg3 b5 15. Bb3 Bb7 16. Nf5 b4 17. Nd5 Nce5 18. Qd2 Qd8 19. Rac1 a5 20. Ba4 Bc6 21. Bxc6 dxc6 22. Nde7+ Nxe7 23. Qxd8 Rfxd8 24. Nxe7+ Kf8 25. Nxc6 Nxc6 26. Rxc6 Rd2 27. Rb1 Rad8 28. Rc5 Rd1+ 29. Rxd1 Rxd1+ 30. Kh2 Rd2 31. Rxa5 Rxb2 32. f3 b3 33. axb3 Rxb3 34. Ra7 g6 35. g4 Kg7 36. Kg3 h6 37. Ra5 g5 38. Ra6 f6 39. Rd6 Kf7 40. Rd2 Kg7 41. Kf2 Ra3 42. Re2 Rb3 43. Re3 Rb2+ 44. Re2 Rb3 45. Ra2 Rc3 46. Ke2 Rb3 47. Rc2 Ra3 48. Kf2 Rb3 49. Rc5 Ra3 50. e5 fxe5 51. Rxe5 Kg6 52. Re3 Ra2+ 53. Kg3 Ra4 54. Re6+ Kg7 55. Re4 Ra3 56. Rd4 Kg6 57. Rd6+ Kg7 58. Rc6 Rb3 59. Re6 Ra3 60. Kf2 Ra2+ 61. Re2 Ra3 62. g3 Rb3 63. Rd2 Rb4 64. Ke2 Ra4 65. Rd3 Rb4 66. Ke3 Rb1 67. f4 Re1+ 68. Kf2 Ra1 69. Rd7+ Kf6 70. Rd6+ Kg7 71. f5 Ra3 72. Re6 Rb3 73. Re3 Rb4 74. Kf3 Rb6 75. Rd3 Kf6 76. Ke3 Rc6 77. Ke4 Rb6 78. Rd4 Ra6 79. Rc4 Rb6 80. Kd5 Ra6 81. Rc6+ Rxc6 82. Kxc6 h5 83. gxh5 Kxf5 84. g4+ Kxg4 85. h6 Kf3 86. h7 g4 87. h8=Q g3 88. Qf6+ Kg2 89. Kd5 Kh1 90. Qh4+ Kg2 91. Ke4 1-0

[Event "January 2 Early 2024"]
[Site "https://www.chess.com"]
[Date "2024.01.02"]
[Round "4"]
[White "SkinnyPuppy8"]
[Black "Garrido, Denis"]
[Result "0-1"]
[Board "199"]
[TimeControl "180+1"]
[BlackFideId "601217"]
[WhiteElo "2288"]
[BlackElo "2400"]
[BlackTeam "FRA"]
[WhiteClock "0:00:06"]
[BlackClock "0:00:11"]

1. e4 d6 2. d4 Nf6 3. Nc3 g6 4. Bg5 c6 5. Bxf6 exf6 6. Bc4 Qa5 7. a4 Bh6 8. Ne2 O-O 9. O-O f5 10. Bd3 fxe4 11. Nxe4 d5 12. N4g3 Nd7 13. c3 Qb6 14. b4 a5 15. Rb1 axb4 16. Rxb4 Qc7 17. Qc2 Re8 18. f4 Nf8 19. f5 Ra7 20. c4 Qa5 21. Rfb1 Kg7 22. Kh1 dxc4 23. Qxc4 Re3 24. Ng1 Bf4 25. Nf3 Bd6 26. Ng5 Qd5 27. Qxd5 cxd5 28. R4b3 Rxa4 29. fxg6 hxg6 30. Nf3 Ne6 31. Bb5 Rxb3 32. Rxb3 Ra1+ 33. Nf1 Nf4 34. g3 Bh3 35. gxf4 Bxf1 36. Bxf1 Rxf1+ 37. Kg2 Rd1 38. Rxb7 Bxf4 39. Rd7 Kh6 40. Rxd5 f5 41. Rd7 Be3 42. d5 Bc5 43. Rd8 Kh5 44. Ne5 Kg5 45. Nf3+ Kf4 46. Rd7 g5 47. h3 Rd3 48. Ne1 Rd2+ 49. Kh1 Rd1 50. Rc7 Rxe1+ 51. Kg2 Bd6 52. Rc6 Ke5 53. Rc2 Kxd5 54. Kf2 Re4 55. Rd2+ Ke6 56. Rc2 Be5 57. Kf3 Rf4+ 58. Kg2 Rd4 59. Rc6+ Rd6 60. Rc8 Rd2+ 61. Kf3 Rd3+ 62. Kg2 Kd5 63. h4 gxh4 64. Rd8+ Ke4 65. Re8 h3+ 66. Kh1 Rd1# 0-1

[Event "January 2 Early 2024"]
[Site "https://www.chess.com"]
[Date "2024.01.02"]
[Round "4"]
[White "Szente Varga, Fruzsina"]
[Black "Gomez Falagan, Daniel"]
[Result "1-0"]
[Board "200"]
[TimeControl "180+1"]
[WhiteFideId "712264"]
[BlackFideId "54509947"]
[WhiteElo "2268"]
[BlackElo "2355"]
[WhiteTeam "HUN"]
[BlackTeam "ESP"]
[WhiteClock "0:00:38"]
[BlackClock "0:00:00"]

1. e4 c6 2. d4 d5 3. Nc3 dxe4 4. Nxe4 Nf6 5. Nxf6+ exf6 6. c3 Bd6 7. Bd3 O-O 8. Qc2 h5 9. Ne2 h4 10. Bd2 Re8 11. O-O-O Nd7 12. h3 Nf8 13. g3 hxg3 14. fxg3 Be6 15. Kb1 b5 16. Nf4 Bc4 17. Bxc4 bxc4 18. Ka1 Qb6 19. h4 Rab8 20. h5 c5 21. d5 Qa5 22. h6 g6 23. h7+ Kh8 24. Rde1 Nd7 25. Nxg6+ fxg6 26. Qxg6 Qd8 27. Bh6 Re7 28. Re6 Be5 29. d6 Rxh7 30. Bg7+ Kg8 31. Qxh7+ Kf7 32. Re7+ 1-0

[Event "January 2 Early 2024"]
[Site "https://www.chess.com"]
[Date "2024.01.02"]
[Round "4"]
[White "Nord, Alexander"]
[Black "Zainullina, Nataliya"]
[Result "1-0"]
[Board "201"]
[TimeControl "180+1"]
[WhiteFideId "1738135"]
[BlackFideId "4145488"]
[WhiteElo "2331"]
[BlackElo "2212"]
[WhiteTeam "SWE"]
[BlackTeam "RUS"]
[WhiteClock "0:01:32"]
[BlackClock "0:00:01"]

1. Nf3 d5 2. d4 Nf6 3. Bf4 c6 4. e3 Bf5 5. c4 e6 6. Qb3 Bxb1 7. Rxb1 Qa5+ 8. Kd1 b6 9. cxd5 exd5 10. Rc1 Ne4 11. Qc2 Qxa2 12. Bd3 Nf6 13. Bxb8 Rxb8 14. Qxc6+ Nd7 15. Ne5 Qb3+ 16. Ke2 Rd8 17. Bb5 Qxb2+ 18. Rc2 Qa3 19. Nxd7 Qd6 20. Ne5+ Qxc6 21. Rxc6 f6 22. Rc7+ 1-0

[Event "January 2 Early 2024"]
[Site "https://www.chess.com"]
[Date "2024.01.02"]
[Round "4"]
[White "Refrigerator1955"]
[Black "Korol, Dimitry"]
[Result "0-1"]
[Board "202"]
[TimeControl "180+1"]
[BlackFideId "14108003"]
[WhiteElo "2021"]
[BlackElo "2322"]
[BlackTeam "UKR"]
[WhiteClock "0:01:23"]
[BlackClock "0:01:44"]

1. e4 c5 2. Nf3 d6 3. d4 cxd4 4. Nxd4 Nf6 5. Nc3 g6 6. Be2 Bg7 7. Be3 O-O 8. Nb3 Nc6 9. O-O a6 10. a4 Be6 11. f4 Rc8 12. Kh1 Na5 13. e5 Ne8 14. Nxa5 Qxa5 15. Bf3 dxe5 16. Bxb7 Rb8 17. Bd5 Rxb2 18. Bxe6 Qxc3 19. Bd2 Qxc2 0-1

[Event "January 2 Early 2024"]
[Site "https://www.chess.com"]
[Date "2024.01.02"]
[Round "4"]
[White "Harriott, Tyrell"]
[Black "Tilahun , Abel Mathewos"]
[Result "1-0"]
[Board "203"]
[TimeControl "180+1"]
[WhiteFideId "2086484"]
[BlackFideId "15702391"]
[WhiteElo "2322"]
[BlackElo "2073"]
[WhiteTeam "USA"]
[BlackTeam "ETH"]
[WhiteClock "0:00:14"]
[BlackClock "0:00:00"]

1. d4 d5 2. e3 e6 3. Bd3 Nf6 4. f4 Ne4 5. Nf3 Bd6 6. O-O O-O 7. Nbd2 f5 8. c4 c6 9. c5 Bc7 10. b4 Nd7 11. b5 Ndf6 12. bxc6 bxc6 13. Qa4 Bd7 14. Nb1 Qe8 15. Bd2 Ng4 16. Bxe4 fxe4 17. Ne5 Bxe5 18. dxe5 Qh5 19. h3 Nh6 20. Nc3 Nf5 21. Rf2 Qh4 22. Ne2 Rfb8 23. Qa3 Rb5 24. Nc3 Rb7 25. Be1 Qh5 26. Ne2 Rab8 27. Nd4 Nxd4 28. exd4 Rb1 29. Rxb1 Rxb1 30. Rf1 Qe2 31. Qa5 h6 32. Qd8+ Kh7 33. Qxd7 Rb2 34. Bf2 e3 35. Qxe6 exf2+ 36. Kh2 Qe4 37. f5 Qf4+ 38. Kh1 Rb1 39. Qg6+ Kg8 40. Rxb1 f1=Q+ 41. Rxf1 Qxf1+ 42. Kh2 Qf4+ 43. Kg1 Qxd4+ 44. Kh1 Qxe5 45. h4 d4 46. h5 d3 47. Qg4 d2 48. Qc4+ Kh7 49. Qc2 Qxf5 50. Qxf5+ g6 51. Qd3 1-0

[Event "January 2 Early 2024"]
[Site "https://www.chess.com"]
[Date "2024.01.02"]
[Round "4"]
[White "Castillo Pena, Patricia Evarista"]
[Black "Munoz Sanchez, Miguel"]
[Result "0-1"]
[Board "204"]
[TimeControl "180+1"]
[WhiteFideId "6412106"]
[BlackFideId "3600734"]
[WhiteElo "1927"]
[BlackElo "2309"]
[WhiteTeam "DOM"]
[BlackTeam "ECU"]
[WhiteClock "0:00:17"]
[BlackClock "0:02:02"]

1. d4 Nf6 2. Nf3 g6 3. Nc3 Bg7 4. e4 d6 5. Bf4 O-O 6. Qd2 c5 7. O-O-O cxd4 8. Qxd4 Nh5 9. Qd2 Nxf4 10. Qxf4 Nc6 11. e5 Qa5 12. exd6 exd6 13. Bc4 Ne5 14. Nxe5 dxe5 15. Qf3 Bf5 16. g4 Rac8 17. Bb3 e4 18. Qe2 Rxc3 19. bxc3 Bxc3 20. a4 Qb4 0-1

[Event "January 2 Early 2024"]
[Site "https://www.chess.com"]
[Date "2024.01.02"]
[Round "4"]
[White "Goltseva, Ekaterina"]
[Black "Bogumil, Tatiana"]
[Result "1-0"]
[Board "205"]
[TimeControl "180+1"]
[WhiteFideId "24173770"]
[BlackFideId "4110579"]
[WhiteElo "2611"]
[BlackElo "2003"]
[WhiteTeam "RUS"]
[BlackTeam "RUS"]
[WhiteClock "0:00:09"]
[BlackClock "0:00:00"]

1. Nf3 Nf6 2. c4 b6 3. g3 Bb7 4. Bg2 g6 5. O-O Bg7 6. Nc3 O-O 7. d4 c5 8. d5 d6 9. e4 b5 10. cxb5 a6 11. Re1 axb5 12. Nxb5 Ba6 13. Nc3 Ng4 14. Qc2 Nd7 15. Bg5 Re8 16. a4 Qb6 17. Bf1 Nge5 18. Nd2 Bxf1 19. Rxf1 Qb4 20. Ra3 h6 21. Rb3 Qa5 22. Rb5 Qa6 23. Be3 Ng4 24. Nc4 Nxe3 25. Nxe3 Bxc3 26. Qxc3 Qxa4 27. Rb7 Ra7 28. b3 Qa6 29. Rxa7 Qxa7 30. Ra1 Qb7 31. Nc4 Ra8 32. Rxa8+ Qxa8 33. Kg2 f6 34. Qf3 h5 35. h4 Qa1 36. g4 hxg4 37. Qxg4 Nf8 38. h5 g5 39. Ne3 Qd4 40. Nf5 Qe5 41. Nh6+ Kh7 42. Nf5 1-0

[Event "January 2 Early 2024"]
[Site "https://www.chess.com"]
[Date "2024.01.02"]
[Round "4"]
[White "Khamdamova, Afruza"]
[Black "Chemin, Justo Reinaldo"]
[Result "1-0"]
[Board "206"]
[TimeControl "180+1"]
[WhiteFideId "14210444"]
[BlackFideId "2101580"]
[WhiteElo "2544"]
[BlackElo "2220"]
[WhiteTeam "UZB"]
[BlackTeam "BRA"]
[WhiteClock "0:00:20"]
[BlackClock "0:00:14"]

1. e4 e5 2. Nf3 Nc6 3. Bb5 a6 4. Ba4 Nf6 5. O-O Be7 6. Re1 b5 7. Bb3 O-O 8. c3 d5 9. exd5 Nxd5 10. Nxe5 Nxe5 11. Rxe5 Nf6 12. d4 Bd6 13. Re1 Ng4 14. h3 Qh4 15. Qf3 Nxf2 16. Bd2 Nxh3+ 17. gxh3 Bxh3 18. Re4 Bh2+ 19. Kh1 Qd8 20. Qxh3 Bd6 21. Na3 Qf6 22. Rf1 Qg6 23. Rg4 Qd3 24. Qxd3 1-0